AoeStats
← InterdimensionalGayfrog

Arabia

509821542Analyzed
1v1 RM · 5d ago on Sep 28, 2026· 23m 25s· 2 players
Game mode
Random Map
Map size
Tiny (2 player)
Population
200
Speed
Normal
Resources
Standard
Victory
Conquest
Starting age
Dark Age
Ending age
Imperial Age
RankedLock teamsTeams togetherTeam positionsShared explorationLock speedFull tech treeHidden civsTurbo modeCheats
Victory
Defeat
🇺🇸 Vietnamese · United States
1368
+18
🇺🇸 Bengalis · United States
1420
-18
InterdimensionalGayfrog
6:48 Loom
9:13 Feudal Age
10:09 Double-Bit Axe
10:14 Horse Collar
19:12 Castle Age
17:23 Fletching
20:30 Bodkin Arrow
19:59 Crossbowman
21:21 Bow Saw
legolas27
0:52 Loom
11:01 Feudal Age
15:07 Double-Bit Axe
17:08 Wheelbarrow
20:43 Castle Age
18:43 Fletching
20:14 Padded Archer Armor
20:17 Horse Collar
21:10 Town Watch
21:42 Bow Saw
21:45 Elite Skirmisher
23:07 Bodkin Arrow
Connection lost

Rejoining the realm…

Still unreachable

The connection could not be restored.

Session expired

The server has moved on; the page needs a fresh start.